Map: Catalyst LE

Players

llllllllllll - Winner!

  • Race: Protoss Protoss
  • League: Master
  • Spawn Location: 11:00

llllllllllll

  • Race: Zerg Zerg
  • League: Master
  • Spawn Location: 5:00

VOD

Have the link to the VOD?

Description

Time

  • Played on: April 2, 2018, 1:33 p.m.
  • Length: 6:27
Show
View Real Time Build Order
Export as new Build Order

llllllllllll Protoss - Winner!

Build Orders: 1 Gate Expand 

Get SALT Encoding   

  12  0:02  Probe  
  13  0:14  Probe  
  14  0:22  Pylon  
  14  0:26  Probe  
  15  0:40  Probe (Chrono Boost), Gateway  
  17  0:50  Assimilator  
  17  0:51  Probe (Chrono Boost)  
  17  0:55  Probe (Chrono Boost)  
  18  1:06  Probe  
  19  1:18  Probe  
  20  1:29  Nexus  
  20  1:32  Probe  
  21  1:42  Cybernetics Core  
  21  1:45  Probe  
  22  1:52  Assimilator  
  22  1:56  Pylon  
  22  1:59  Probe  
  23  2:14  Probe  
  24  2:18  Adept (Chrono Boost)  
  24  2:22  Warp Gate  
  26  2:32  Probe  
  27  2:37  Robotics Facility  
  27  2:40  Adept  
  27  2:42  Probe (Chrono Boost)  
  31  2:45  Probe (Chrono Boost)  
  31  2:52  Gateway  
  31  2:56  Probe (Chrono Boost)  
  31  2:57  Probe (Chrono Boost)  
  33  3:11  Probe, Twilight Council  
  33  3:12  Probe  
  35  3:26  Probe x2  
  37  3:38  Charge  
  37  3:41  Immortal (Chrono Boost)  
  37  3:45  Gateway  
  37  3:47  Gateway  
  41  3:54  Gateway  
  41  4:00  Gateway  
  41  4:09  Gateway  
  41  4:14  Gateway  
  41  4:16  Warp Prism (Chrono Boost), Gateway  
  43  4:26  Pylon  
  43  4:33  Pylon  
  43  4:38  Pylon  
  43  4:41  Zealot  
  45  4:51  Zealot  
  45  4:52  Zealot x3  
  53  4:54  Pylon  
  53  5:10  Zealot x4  
  53  5:14  Zealot x4  
  69  5:32  Zealot x4  
  63  5:50  Zealot x5  
  61  6:01  Zealot  
  61  6:02  Zealot x2  
  57  6:05  Zealot x3  
  57  6:10  Zealot x2  
  63  6:14  Zealot  
  63  6:15  Zealot x2  
Show
View Real Time Build Order
Export as new Build Order

llllllllllll Zerg 

Build Orders: Hatch First 

Get SALT Encoding   

  12  0:01  Drone  
  13  0:12  Overlord  
  13  0:18  Drone  
  14  0:30  Drone x2  
  16  0:50  Hatchery  
  16  0:52  Drone  
  16  0:56  Drone  
  17  1:10  Spawning Pool  
  16  1:13  Extractor  
  16  1:15  Drone  
  16  1:19  Drone  
  16  1:22  Drone  
  18  1:28  Drone  
  19  1:38  Overlord  
  19  1:52  Drone  
  20  1:56  Queen  
  20  2:01  Queen  
  22  2:02  Zergling x2  
  22  2:03  Zergling x2  
  26  2:13  Zergling x2  
  26  2:14  Drone  
  28  2:16  Metabolic Boost  
  28  2:22  Drone  
  29  2:23  Drone  
  30  2:36  Queen  
  32  2:50  Hatchery  
  31  2:52  Overlord  
  31  2:55  Drone  
  32  2:59  Drone  
  32  3:00  Drone  
  32  3:02  Drone  
  35  3:09  Drone  
  35  3:11  Drone x2  
  35  3:12  Drone  
  39  3:17  Drone x2  
  41  3:23  Overlord  
  41  3:24  Drone  
  41  3:26  Drone  
  42  3:28  Drone  
  43  3:35  Extractor  
  43  3:36  Extractor, Drone  
  43  3:37  Drone  
  43  3:47  Drone x3  
  43  3:48  Drone x4  
  50  3:54  Lair  
  50  3:58  Roach Warren  
  49  4:04  Drone x3  
  52  4:10  Overlord  
  52  4:11  Overlord  
  52  4:24  Overlord  
  52  4:38  Roach x6  
  62  4:39  Roach x2  
  62  4:43  Roach  
  62  4:44  Roach x2  
  74  4:45  Overlord  
  74  4:50  Roach x2  
  74  4:52  Roach  
  80  4:53  Glial Reconstitution  
  80  4:57  Zergling x2  
  80  4:59  Overlord  
  81  5:04  Overlord  
  81  5:05  Zergling x4  
  81  5:06  Zergling x2  
  84  5:09  Burrow  
  84  5:13  Roach x2  
  88  5:17  Overlord  
  88  5:20  Zergling x4  
  88  5:21  Zergling x2  
  91  5:23  Zergling x2  
  91  5:24  Zergling x2  
  91  5:26  Zergling x4  
  95  5:29  Overlord  
  95  5:33  Roach  
  95  5:34  Roach  
  99  5:36  Zergling x2  
  99  5:42  Roach  
  99  5:43  Roach  
  99  5:47  Roach x2  
  99  5:48  Roach  
  87  5:50  Roach  
  87  5:51  Roach  
  87  5:53  Zergling x2  
  87  5:56  Roach  
  81  5:58  Roach  
  81  6:00  Roach  
  81  6:01  Zergling x2  
  80  6:04  Roach  
  80  6:06  Roach  
Tags
 
Add a new tag
Caveats
  • Supply blocks, unpowered buildings, or Contaminate may cause inaccurate times.
  • Supply counts are checked every 10 seconds.